 Dungeon Crawl Stone Soup version 0.28-a0-21-gf74fda84f9 (webtiles) character file.

Game seed: 6059787311126276678

628 freelancePsychic the Conjurer (level 7, -2/59 HPs)
             Began as a Demigod Conjurer on July 26, 2021.
             Slain by a centaur (6 damage)
             ... on level 5 of the Dungeon.
             The game lasted 00:10:52 (5977 turns).

freelancePsychic the Conjurer (Demigod Conjurer)    Turns: 5977, Time: 00:10:52

Health: -2/59      AC:  3    Str: 12    XL:     7   Next: 3%
Magic:  9/14       EV: 12    Int: 28    God:
Gold:   201        SH:  0    Dex: 12    Spells: 5/12 levels left

rFire   . . .      SeeInvis +   o - +1 quarterstaff (flame)
rCold   . . .      Faith    .   (shield currently unavailable)
rNeg    + . .      Spirit   .   a - +0 robe
rPois   +          Reflect  .   (no helmet)
rElec   .          Harm     .   (no cloak)
rCorr   .          Rampage  .   k - +0 pair of gloves
Will    .....                   (no boots)
Stlth   ++........              (no amulet)
HPRegen 0.19/turn               r - ring of see invisible
MPRegen 0.14/turn               c - ring "Uxte" {rPois rN+ Str+4}

@: hasted, very quick
A: high mp 1, forlorn
a: no special abilities


You were on level 5 of the Dungeon.
You visited 1 branch of the dungeon, and saw 5 of its levels.

You collected 201 gold pieces.

Inventory:

Hand Weapons
 d - a +0 whip
 o - a +1 quarterstaff of flaming (weapon)
Armour
 a - a +0 robe (worn)
 k - a +0 pair of gloves (worn)
Magical Staves
 f - a staff of poison
Jewellery
 c - the ring "Uxte" (right hand) {rPois rN+ Str+4}
   (You acquired it on level 4 of the Dungeon)

   [ring of poison resistance]

   Str:       It affects your strength (+4).
   rPois:     It protects you from poison.
   rN:        It protects you from negative energy.
 i - an amulet of guardian spirit
 r - a ring of see invisible (left hand)
Wands
 s - a wand of flame (18)
 w - a wand of paralysis (9)
Scrolls
 j - a scroll of teleportation {unknown}
 p - a scroll of identify {unknown}
 q - a scroll of fear {unknown}
Potions
 b - 2 potions of mutation {unknown}
 e - a potion of lignification {unknown}
 g - 2 potions of curing {@q1}
 h - 4 potions of haste {@q3}
 l - a potion of invisibility {unknown}
 t - 2 potions of might {unknown}
 u - a potion of attraction {unknown}


   Skills:
 + Level 4.0 Fighting
 - Level 1.7 Dodging
 - Level 1.7 Stealth
 - Level 3.0 Spellcasting
 + Level 4.8 Conjurations
 + Level 3.6 Translocations


You had 5 spell levels left.
You knew the following spells:

 Your Spells              Type           Power      Damage    Failure   Level
a - Magic Dart            Conj           100%       1d8       1%          1
b - Searing Ray           Conj           62%        3d5       1%          2
c - Iskenderun's Mystic   Conj/Tloc      28%        2d7       14%         4

Your spell library contained the following spells:

 Spells                   Type           Power      Damage    Failure   Level
 Dazzling Flash           Conj/Hex       34%        N/A       9%          3
 Fulminant Prism          Conj/Hex       8%         3d7       30%         4


Dungeon Overview and Level Annotations

Branches:
Dungeon (5/15)
 Temple: D:4-7

Shops:
D:2 !!*

Annotations:
D:3 1 runed translucent door, miket3c's ghost, amateur GrFi


Innate Abilities, Weirdness & Mutations

Your attributes grow dramatically as you level up.
You have an increased reservoir of magic. (+10% MP)
You shall have no god before yourself.


Message History

The centaur kicks you.
* * * LOW HITPOINT WARNING * * *
The centaur hits you.
* * * LOW HITPOINT WARNING * * *
The centaur kicks you but does no damage.
The centaur hits you.
* * * LOW HITPOINT WARNING * * *
The centaur kicks you but does no damage.
The centaur barely misses you. The centaur kicks you.
* * * LOW HITPOINT WARNING * * *
You feel better. The centaur hits you.
* * * LOW HITPOINT WARNING * * *
The centaur barely misses you. The centaur hits you.
* * * LOW HITPOINT WARNING * * *
The centaur barely misses you.
As you read the scroll labelled BON WAOPLISE, it crumbles to dust.
It is a scroll of enchant weapon.
Your +0 quarterstaff of flaming glows red for a moment.
The centaur barely misses you. The centaur misses you.
The centaur barely misses you. The centaur closely misses you.
The centaur completely misses you.
The centaur kicks you but does no damage.
The centaur hits you but does no damage.
The centaur kicks you but does no damage.
Casting: Searing Ray (safe; 1% risk of failure)
Confirm with . or Enter, or press ? or * to list all spells.
Aiming: Searing Ray (safe; 1% risk of failure)
Press: ? - help, Shift-Dir - straight line, f/p - centaur
Aim: a centaur, quivering arrows (heavily wounded, 87% to hit)
The searing ray hits the centaur!
The centaur is almost dead. (Press . to maintain the ray.)
The centaur hits you but does no damage.
The centaur kicks you but does no damage.
The centaur hits you.
* * * LOW HITPOINT WARNING * * *
The centaur kicks you.
* * * LOW HITPOINT WARNING * * *
It was a potion of haste.
You feel yourself speed up. The centaur hits you.
You die...

#...........###########.
#.......#..## ##
.......>...# #
#..(...#..## #.........#
######....# #...###
..####.#.########
#......c@........
#.####.c######### ##>..#
#.#.## #.#..### ..##...#
.######.## .## ##
#..####...c: ##.c...c#


You could see 2 centaurs.

Vanquished Creatures
  2 ogres
  A phantom (D:5)
  A scorpion (D:5)
  A wyvern skeleton (D:5)
  2 hounds
  Jessica (D:2)
  Terence (D:2)
  5 adders
  2 ufetubi
  An adder skeleton (D:4)
  2 worms
  3 dart slugs
  3 orcs
  4 ball pythons
  12 endoplasms
  4 giant cockroaches
  8 goblins
  6 hobgoblins
  20 jackals
  6 kobolds
  2 quokkas
  6 bats
  5 rats
98 creatures vanquished.

Vanquished Creatures (others)
  16 fungi (D:5)
16 creatures vanquished.

Grand Total: 114 creatures vanquished

Notes
Turn   | Place    | Note
-------+----------+-------------------------------------------
     0 | D:1      | freelancePsychic the Demigod Conjurer began the quest for
                  | the Orb.
     0 | D:1      | Reached XP level 1. HP: 14/14 MP: 5/5
   457 | D:1      | Reached skill level 1 in Fighting
   574 | D:1      | Reached XP level 2. HP: 23/23 MP: 4/7
   577 | D:1      | Learned a level 2 spell: Searing Ray
  1423 | D:2      | Found Diarafom's Distillery.
  1441 | D:2      | Noticed Jessica
  1445 | D:2      | Killed Jessica
  1446 | D:2      | Reached XP level 3. HP: 18/29 MP: 4/8
  1959 | D:2      | Found Suog's Distillery.
  2310 | D:2      | Found Qineghy's General Store.
  2766 | D:2      | Noticed Terence
  2917 | D:2      | Killed Terence
  2918 | D:2      | Reached XP level 4. HP: 31/37 MP: 5/9
  3866 | D:3      | Found a runed translucent door.
  3867 | D:3      | Noticed miket3c's ghost (amateur GrFi)
  4206 | D:4      | Reached XP level 5. HP: 43/45 MP: 5/10
  4360 | D:4      | Noticed an ogre
  4378 | D:4      | Killed an ogre
  4379 | D:4      | Reached skill level 1 in Translocations
  5017 | D:4      | Reached XP level 6. HP: 51/51 MP: 8/13
  5693 | D:4      | Identified a scroll of acquirement
  5693 | D:4      | Acquired the ring "Uxte" {rPois rN+ Str+4}
  5708 | D:5      | Entered Level 5 of the Dungeon
  5816 | D:5      | Learned a level 4 spell: Iskenderun's Mystic Blast
  5884 | D:5      | Reached XP level 7. HP: 59/59 MP: 5/14
  5977 | D:5      | Slain by a centaur

Illustrated notes

Levels and vault maps discovered:
D:1:      amcnicky_arrival_underground_garden, layout_loops_ring,
          hellmonk_ecumenical_altar_leap_of_faith, moated_statue,
          grunt_decor_fettered, hangedman_decor_opposing
D:2:      layout_basic, serial_shops, nicolae_shop_window_shopping,
          nicolae_shop_crystal, nicolae_shop_trees, bh_walls_and_bars,
          uniq_jessica, uniq_terence
D:3:      layout_basic, gammafunk_ghost_grave, mrwooster_statue_mirror
D:4:      layout_layer_cave, nicolae_overflow_hidden_temple, item_on_display_a
D:5:      old_forge, layout_rooms, minmay_manual_mares

Skill      XL: |  1  2  3  4  5  6 |
---------------+-------------------+-----
Fighting       | 1 2 3 4 |  4.0
Conjurations   | 4 |  4.8
Spellcasting   | 2 3 |  3.0
Translocations | 2 3 |  3.6
Dodging        | |  1.7
Stealth        | |  1.7

Action                   |  1- 3 |  4- 6 |  7- 9 || total
-------------------------+-------+-------+-------++-------
Melee: Unarmed           |     2 |       |       ||     2
       Staff             |     1 |     5 |       ||     6
 Cast: Magic Dart        |    24 |       |       ||    24
       Searing Ray       |    32 |    50 |     2 ||    84
  Use: Scroll            |       |     4 |     1 ||     5
       Potion            |       |       |     2 ||     2
Armor: Robe              |     2 |     3 |     7 ||    12
Dodge: Dodged            |     7 |    31 |    12 ||    50

Table legend: (Time is in decaauts)
 A = Elapsed time spent in this place.
 B = Non-inter-level travel time spent in this place.
 C = Inter-level travel time spent in this place.
 D = Time resting spent in this place.
 E = Time spent auto-exploring this place.
 F = Levels seen in this place.
 G = Mean time per level.
                   A        B        C        D        E       F      G
               +--------+--------+--------+--------+--------+-----+--------+
         Total |   5973 |   5837 |    136 |     20 |   5139 |   5 | 1194.6 |
       Dungeon |   5973 |   5837 |    136 |     20 |   5139 |   5 | 1194.6 |
               +--------+--------+--------+--------+--------+-----+--------+

Top non-repeatable levels by time:
     D:2: 1909 daAuts
     D:4: 1573 daAuts
     D:1: 1182 daAuts
     D:3: 1040 daAuts
     D:5: 268 daAuts
